 Dungeon Crawl Stone Soup version 0.21-a0-210-gbfa5647 (webtiles) character file.

1984 namelastname112 the Martial Artist (level 9, -9/74 HPs)
             Began as a Gnoll Monk on Aug 22, 2017.
             Was a Believer of Fedhas.
             Mangled by an orc warrior
             ... wielding a +0 mace
              (17 damage)
             ... on level 6 of the Dungeon.
             The game lasted 00:11:41 (9100 turns).

namelastname112 the Martial Artist (Gnoll Monk)     Turns: 9100, Time: 00:11:42

Health: -9/74      AC:  8    Str:  7    XL:     9   Next: 21%
Magic:  7/8        EV: 12    Int:  7    God:    Fedhas [**....]
Gold:   301        SH:  0    Dex:  7    Spells: 8/8 levels left

rFire    + . .     SeeInvis .   i - +10 war axe of Amorality {flame, rF+ Dex+4}
rCold    . . .     Gourm    .   (no shield)
rNeg     . . .     Faith    .   w - +0 ring mail
rPois    .         Spirit   .   j - +1 helmet
rElec    .         Reflect  .   (no cloak)
rCorr    +         Harm     .   (no gloves)
MR       .....                  (no boots)
Stlth    +.........             (no amulet)
HPRegen  0.22/turn              l - ring of flight
MPRegen  0.11/turn              o - ring of resist corrosion

@: no status effects
A: unchanging attributes, claws 1, fangs 1, low mp 1, screaming 1, evolution 1,
strong nose
a: Fungal Bloom, Evolution, Sunlight, Renounce Religion, Evoke Flight


You were on level 6 of the Dungeon.
You worshipped Fedhas.
Fedhas was pleased with you.
You were hungry.

You visited 2 branches of the dungeon, and saw 8 of its levels.

You collected 301 gold pieces.

Inventory:

Hand Weapons
 i - the +10 war axe of Amorality (weapon) {flame, rF+ Dex+4}
   (You took it off a crimson imp on level 6 of the Dungeon)

   It has been specially enchanted to burn those struck by it, causing extra
   injury to most foes and up to half again as much damage against particularly
   susceptible opponents.
   Big, fiery blades are also staple armaments of hydra-hunters.
   It affects your dexterity (+4).
   It protects you from fire.
 A - a +2 dagger of venom
Armour
 h - a +0 buckler
 j - a +1 helmet (worn)
 w - a +0 ring mail (worn)
Jewellery
 l - a ring of flight (left claw)
 o - a ring of resist corrosion (right claw)
Scrolls
 a - a scroll of amnesia
 c - 2 scrolls of teleportation
 g - a scroll of immolation
 n - a scroll of recharging
 v - 2 scrolls of enchant armour
 B - a scroll of remove curse
Potions
 d - 3 potions of haste
 e - 4 potions of degeneration {unknown}
 k - 3 potions of heal wounds
 m - 2 potions of agility {unknown}
 p - 5 potions of cancellation
 u - 2 potions of curing
 z - a potion of magic {unknown}
Books
 s - a book of Callings

   Spells                             Type                      Level
   a - Summon Small Mammal            Summoning                    1
   b - Call Imp                       Summoning                    2
   c - Call Canine Familiar           Summoning                    3
   d - Summon Guardian Golem          Hexes/Summoning              3
   e - Summon Lightning Spire         Summoning/Air                4
   f - Summon Ice Beast               Ice/Summoning                4
 x - a book of Misfortune

   Spells                             Type                      Level
   a - Confusing Touch                Hexes                        1
   b - Confuse                        Hexes                        3
   c - Gell's Gravitas                Translocation                3
   d - Petrify                        Transmutation/Earth          4
   e - Metabolic Englaciation         Hexes/Ice                    5
   f - Yara's Violent Unravelling     Hexes/Transmutation          5
Comestibles
 b - 3 bread rations
 f - 4 meat rations


   Skills:
 + Level 8.1 Fighting
 + Level 5.8 Armour
 + Level 8.1 Dodging
 - Level 2.4 Stealth
 * Level 10.6 Unarmed Combat


You had 8 spell levels left.
You didn't know any spells.

Dungeon Overview and Level Annotations

Branches:
Dungeon (7/15)             Temple (1/1) D:5

Altars:
Ashenzari
Dithmenos
Elyvilon
Fedhas
Gozag
Hepliaklqana
Kikubaaqudgha
Makhleb
Nemelex Xobeh
Okawaru
Qazlal
Sif Muna
Trog
Uskayaw
Xom
Yredelemnul
Zin
The Shining One

Annotations:
D:1 exclusion: gnoll


Innate Abilities, Weirdness & Mutations

Your physical attributes are unchanging.
You have very sharp teeth.
Your uncanny sense of smell can sniff out nearby items.
You have sharp fingernails.
Your magical capacity is low. (-10% MP)
You occasionally shout uncontrollably at your foes.
You evolve.


Message History

Press: ? - help, Dir - move target cursor, f - orc warrior
Aim: an orc warrior, wielding a mace and wearing a plate armour (heavily wounded)
You fail to use your ability.
The orc warrior misses you.
Select sunlight destination.
Press: ? - help, Dir - move target cursor, f/p - orc warrior
Aim: an orc warrior, wielding a mace and wearing a plate armour (heavily wounded)
You feel slightly more hungry. The orc warrior hits you with a mace!
* * * LOW HITPOINT WARNING * * *
You take 14 damage, and have 17/74 hp.
You now have 6/8 mp.
You barely miss the orc warrior.
The orc warrior is heavily wounded.
The orc warrior misses you.
You slash the orc warrior! You burn the orc warrior.
The orc warrior is almost dead.
The orc warrior hits you with a mace!
* * * LOW HITPOINT WARNING * * *
You take 11 damage, and have 6/74 hp.
The orc warrior hits you with a mace!
You die...
Fedhas appreciates your contribution to the ecosystem.

#.................##.##.#
###...........<.....#..##.#
......................#...#
.....................##)###
.........)...........##.# ####
..)...................#.######...
........................(...#....
(...........>........##.###......
.........<.....o@....##.# ##.....
.....................##.# #.....
..###.#..####........##.# ##....
...#####..........####### #....
##..# ##.#.....#### ### ####.###
##.###....#...# ###_####....(.#
#.......##...# #.....#####.###
###.....####..#####♣...♣# #.#
.................##.....# ##.#


You could see an orc warrior.

Vanquished Creatures
  Pikel (D:4)
  2 slaves (D:4)
  A sky beast (D:5)
  A black bear (D:7)
  3 centaurs
  An ogre (D:4)
  A big kobold (D:6)
  2 bullfrogs (D:6)
  2 scorpions
  A killer bee (D:6)
  2 crimson imps (D:6)
  2 jellies (D:6)
  A hound (D:4)
  2 orc priests (D:4)
  3 orc wizards
  Jessica (D:3)
  2 iguanas (D:4)
  2 worker ants
  A hound skeleton (D:4)
  Robin (D:2)
  A howler monkey skeleton (D:1)
  8 adders
  3 shadow imps
  4 worms
  3 dart slugs
  6 leopard geckos
  16 orcs
  A ball python (D:2)
  7 bats
  A giant cockroach (D:3)
  10 hobgoblins
  10 kobolds
  2 frilled lizards
  13 goblins
  A quokka skeleton (D:4)
  7 rats
125 creatures vanquished.

Vanquished Creatures (others)
  A slave (D:4)
  2 orcs (D:4)
  24 toadstools (D:6)
27 creatures vanquished.

Grand Total: 152 creatures vanquished

Notes
Turn   | Place    | Note
-------+----------+-------------------------------------------
     0 | D:1      | namelastname112 the Gnoll Monk began the quest for the Orb.
     0 | D:1      | Reached XP level 1. HP: 19/19 MP: 1/1
   221 | D:1      | epen: !good player
   455 | D:1      | Reached XP level 2. HP: 25/25 MP: 2/2
   517 | D:1      | epen: !great player .
   517 | D:1      | epen: сука
   517 | D:1      | namelastname112: слитно
   517 | D:1      | namelastname112: ебанашка
   561 | D:1      | epen: !goodplayer
   575 | D:1      | beem: epen is a goodplayer: 15 wins.
   745 | D:1      | epen: !greatplayer
   957 | D:1      | beem: Unwon species for epen: Barachi, Centaur, Deep Dwarf, Deep Elf, Demigod, Felid, Gargoyle, Gnoll, Halfling, Hill Orc, Human, Kobold, Mummy, Ogre, Tengu, Vine Stalker
  1073 | D:1      | epen: !nextwin
  1205 | D:2      | epen: бля
  1229 | D:2      | epen: команда была
  1242 | D:1      | epen: где он тебе некст вин говорит
  1281 | D:2      | namelastname112: !next
  1281 | D:2      | beem: This command does not work in PM.
  1438 | D:2      | Reached XP level 3. HP: 17/31 MP: 3/3
  1439 | D:2      | epen: !next
  1575 | D:2      | beem: This command does not work in PM.
  1606 | D:2      | epen: Private message?
  1606 | D:2      | namelastname112: только в конфе значит
  1772 | D:2      | Reached skill level 5 in Unarmed Combat
  1846 | D:2      | Found a white marble altar of Elyvilon.
  2056 | D:2      | Noticed Robin
  2071 | D:2      | Reached XP level 4. HP: 17/38 MP: 4/4
  2429 | D:2      | Killed Robin
  2838 | D:3      | Reached skill level 5 in Fighting
  3008 | D:3      | Reached skill level 5 in Dodging
  3217 | D:3      | Found a hide-covered altar of Uskayaw.
  3246 | D:3      | Reached XP level 5. HP: 39/44 MP: 5/5
  3423 | D:3      | Found a shattered altar of Ashenzari.
  3459 | D:3      | Found an iron altar of Okawaru.
  3868 | D:3      | Noticed Jessica
  3880 | D:3      | Killed Jessica
  3880 | D:3      | Reached skill level 6 in Unarmed Combat
  4232 | D:3      | Found a glowing silver altar of Zin.
  4337 | D:4      | Reached skill level 1 in Armour
  4430 | D:4      | Found a shadowy altar of Dithmenos.
  4484 | D:4      | Reached XP level 6. HP: 26/51 MP: 6/6
  4718 | D:4      | Reached skill level 7 in Unarmed Combat
  5110 | D:4      | Reached XP level 7. HP: 57/57 MP: 7/7
  5708 | D:4      | Noticed Pikel
  5747 | D:4      | Killed Pikel
  5747 | D:4      | Reached skill level 8 in Unarmed Combat
  5747 | D:4      | Reached XP level 8. HP: 37/65 MP: 8/8
  6058 | D:5      | Entered Level 5 of the Dungeon
  6297 | D:5      | Found a staircase to the Ecumenical Temple.
  6320 | Temple   | Entered the Ecumenical Temple
  6632 | D:5      | Reached skill level 9 in Unarmed Combat
  6851 | D:5      | Found a blossoming altar of Fedhas.
  6981 | D:5      | Became a worshipper of Fedhas Madash
  6981 | D:5      | Reached * piety under Fedhas
  6981 | D:5      | Reached ** piety under Fedhas
  7556 | D:6      | Reached skill level 5 in Armour
  7735 | D:6      | Reached skill level 10 in Unarmed Combat
  7973 | D:6      | Reached XP level 9. HP: 57/74 MP: 9/9
  8308 | D:6      | Found a glowing golden altar of the Shining One.
  8372 | D:6      | Got a dazzling war axe {flame}
  8373 | D:6      | Identified the +10 war axe of Amorality {flame, rF+ Dex+4} (You took it off a crimson imp on level 6 of the Dungeon)
  8702 | D:7      | Found a bloodstained altar of Trog.
  8966 | D:5      | Gained mutation: You occasionally shout uncontrollably at your foes. [mutagenic meat]
  8967 | D:5      | Gained mutation: You are frail. (-10% HP) [mutagenic meat]
  8970 | D:5      | Gained mutation: Your magical capacity is low. (-10% MP) [mutagenic meat]
  8971 | D:5      | Gained mutation: You are very frail. (-20% HP) [mutagenic meat]
  8974 | D:5      | Lost mutation: You are very frail. (-20% HP) [potion of mutation]
  8974 | D:5      | Lost mutation: You are frail. (-10% HP) [potion of mutation]
  8974 | D:5      | Gained mutation: You have sharp fingernails. [potion of mutation]
  8974 | D:5      | Gained mutation: You evolve. [potion of mutation]
  9100 | D:6      | Mangled by an orc warrior

Vault maps used:
D:1:      dpeg_arrival_radiant, minmay_misc_feat_roman, minmay_hedge_maze,
          glass_columns_c, minmay_splitting_lines, serial_park_tiny_1
D:2:      marbit_many_paths, minmay_door_square, uniq_robin
D:3:      old_standard_altar, cheibrodos_ashenzari_chains,
          eat_drink_and_be_merry_uskayaw, nicolae_overflow_crystal_walls,
          uniq_jessica
D:4:      grunt_dithmenos_shadows, uniq_pikel
D:5:      kennysheep_mini_moat, minmay_temple_entry_glass, first_bread
D:6:      tso_altar
D:7:      trog_ov_bears_minmay, slow_altar_1
Temple:   nicolae_temple_figure_zero

Skill      XL: |  1  2  3  4  5  6  7  8  9 |
---------------+----------------------------+-----
Unarmed Combat | 5 6 7 8 10 | 10.6
Fighting       | 5 6 7 8 |  8.1
Dodging        | 5 6 7 8 |  8.1
Armour         | 1 2 4 5 |  5.8
Stealth        | |  2.4

Action                   |  1- 3 |  4- 6 |  7- 9 || total
-------------------------+-------+-------+-------++-------
Melee: Unarmed           |   121 |   398 |     7 ||   526
       Bite              |     3 |    20 |    13 ||    36
       Punch             |       |     2 |     5 ||     7
       Dagger            |       |       |   290 ||   290
       War axe           |       |       |    28 ||    28
Invok: Fungal Bloom      |       |       |     6 ||     6
       Sunlight          |       |       |     1 ||     1
  Use: Scroll            |       |       |    12 ||    12
       Potion            |       |       |     1 ||     1
  Eat: Chunk             |     4 |     9 |    10 ||    23
       Royal jelly       |       |       |     2 ||     2
       Meat ration       |       |       |     1 ||     1
Armor: Robe              |    11 |       |       ||    11
       Leather armour    |    10 |       |       ||    10
       Chain mail        |    18 |   223 |       ||   241
       Ring mail         |       |    22 |   113 ||   135
Dodge: Dodged            |    71 |    73 |   220 ||   364

Table legend:
 A = Spawn XP
 B = Non-spawn XP
 C = Spawn XP percentage of total XP
 D = Spawn monster count
 E = Non-spawn monster count
 F = Spawn count percentage of total count
 G = Total turns spent on level
                    A         B        C        D         E        F      G
               +---------+---------+-------+---------+---------+-------+---------
         Total |     546 |    2289 |  19.3 |      29 |      94 |  23.6 |  9100
               +---------+---------+-------+---------+---------+-------+---------
           D:1 |      33 |      15 |  68.8 |       7 |       9 |  43.8 |  1525
           D:2 |       8 |      78 |   9.3 |       5 |      22 |  18.5 |  1287
           D:3 |      10 |     122 |   7.6 |       5 |      21 |  19.2 |  1497
           D:4 |       0 |    1190 |   0.0 |       0 |      18 |   0.0 |  1749
           D:5 |     300 |       0 | 100.0 |       7 |       0 | 100.0 |  1082
           D:6 |     195 |     749 |  20.7 |       5 |      22 |  18.5 |  1803
           D:7 |       0 |     135 |   0.0 |       0 |       2 |   0.0 |    37
               +---------+---------+-------+---------+---------+-------+---------
